 Dungeon Crawl Stone Soup version 0.20.1-1-g8b1a95d (webtiles) character file.

259 Grim the Chopper (level 5, -2/42 HPs)
             Began as a Minotaur Assassin on July 24, 2017.
             Killed from afar by Dowan (27 damage)
             ... with a shard of ice
             ... on level 4 of the Dungeon.
             The game lasted 00:07:28 (3361 turns).

Grim the Chopper (Minotaur Assassin)                Turns: 3361, Time: 00:07:32

Health: -2/42      AC:  3    Str: 15    XL:     5   Next: 95%
Magic:  4/4        EV: 11    Int:  8    God:
Gold:   146        SH:  0    Dex: 13    Spells: 4/4 levels left

rFire    . . .     SeeInvis .   a - +2 hand axe (venom)
rCold    . . .     Gourm    .   (no shield)
rNeg     . . .     Faith    .   k - +0 leather armour
rPois    .         Spirit   .   (helmet restricted)
rElec    .         Reflect  .   w - scarf {cloud immunity}
rCorr    .         Harm     .   (no gloves)
MR       .....                  (no boots)
Stlth    ++........             (no amulet)
Regen    0.2/turn               v - +4 ring of slaying
MPRegen  0.1/turn               (no ring)

@: lethally poisoned (-2 -> -26)
A: retaliatory headbutt, horns 2
a: no special abilities


You were on level 4 of the Dungeon.
You were not hungry.

You visited 1 branch of the dungeon, and saw 4 of its levels.

You collected 146 gold pieces.

Inventory:

Hand Weapons
 a - a +2 hand axe of venom (weapon)
 b - a +1 blowgun
Missiles
 e - 19 poisoned needles
 x - a tomahawk (quivered)
Armour
 c - a +0 robe
 d - a +0 cloak
 k - a +0 leather armour (worn)
 p - a +0 plate armour
 r - a +0 cloak
 w - a scarf of cloud immunity (worn)
 y - a +0 chain mail of fire resistance
Jewellery
 v - a +4 ring of slaying (left hand)
Scrolls
 i - a scroll of identify
Potions
 h - 2 potions of mutation
 n - a potion of magic
 o - 2 potions of might {unknown}
 q - a potion of resistance {unknown}
 s - a potion of curing
Comestibles
 g - 4 bread rations
 j - 5 fruits
 l - 2 meat rations
 m - a royal jelly


   Skills:
 - Level 2.4 Fighting
   Level 2.1 Short Blades
 * Level 5.2 Axes
 + Level 4.3 Throwing
 - Level 1.1 Dodging
 - Level 3.2 Stealth


You had 4 spell levels left.
You didn't know any spells.

Dungeon Overview and Level Annotations

Branches:
Dungeon (4/15)
 Temple: D:4-7

Altars:
Fedhas

Annotations:
D:4 Dowan


Innate Abilities, Weirdness & Mutations

You reflexively headbutt those who attack you in melee.
You have a pair of horns on your head.


Message History

You completely miss Duvessa.
Duvessa is almost dead.
You feel sick. Duvessa closely misses you.
You closely miss Duvessa. Your headbutt misses Duvessa.
Duvessa is almost dead.
You feel sick.
You kill Duvessa!
Dowan seems overcome with grief, but rights himself reflexively soon after.
Dowan seems to find hidden reserves of power!
Your Axes skill increases to level 5!
Your Throwing skill increases to level 4!
Dowan hits you with a dagger of venom.
You are more poisoned.
You closely miss Dowan. Your headbutt misses Dowan.
Dowan is lightly wounded.
You feel sick. Dowan gestures at you while chanting. The shard of ice hits you!
Ouch! That really hurt!
You die...

##### #...
#########.#######
#..@e(..((.[....(
#..#######.......
#..## .######
##.#.## >#
#<###.# ..
#.)#.## .. #...##
... #..## (#.
#..#


You could see Dowan.

Vanquished Creatures
  Duvessa (D:4)
  A hound skeleton (D:3)
  Robin (D:3)
  A gnoll (D:1)
  2 adders
  A worm (D:2)
  2 dart slugs (D:1)
  3 leopard geckos
  8 orcs (D:3)
  2 ball pythons
  7 bats
  3 giant cockroaches
  17 goblins
  6 hobgoblins
  7 jackals (D:3)
  A frilled lizard (D:3)
  11 kobolds
  6 rats
80 creatures vanquished.

Notes
Turn   | Place    | Note
-------+----------+-------------------------------------------
     0 | D:1      | Grim the Minotaur Assassin began the quest for the Orb.
     0 | D:1      | Reached XP level 1. HP: 18/18 MP: 0/0
   186 | D:1      | Reached XP level 2. HP: 25/25 MP: 1/1
   582 | D:1      | Reached skill level 1 in Axes
   582 | D:1      | Reached XP level 3. HP: 10/30 MP: 2/2
  1093 | D:2      | Reached skill level 2 in Axes
  1906 | D:2      | Reached XP level 4. HP: 37/37 MP: 3/3
  2230 | D:3      | Found a faded altar of an unknown god.
  2294 | D:3      | Reached skill level 3 in Axes
  2391 | D:3      | Noticed Robin
  2662 | D:3      | Killed Robin
  2662 | D:3      | Reached XP level 5. HP: 22/42 MP: 4/4
  2739 | D:3      | Reached skill level 4 in Axes
  3122 | D:3      | Found a blossoming altar of Fedhas.
  3336 | D:4      | Noticed Dowan
  3339 | D:4      | Noticed Duvessa
  3360 | D:4      | Killed Duvessa
  3360 | D:4      | Reached skill level 5 in Axes
  3361 | D:4      | Killed from afar by Dowan

Skill      XL: |  1  2  3  4  5 |
---------------+----------------+-----
Throwing       | 3 4 |  4.3
Axes           | 1 2 3 5 |  5.2
Fighting       | |  2.4
Short Blades   | |  2.1
Dodging        | |  1.1
Stealth        | |  3.2

Action                   |  1- 3 |  4- 6 || total
-------------------------+-------+-------++-------
Melee: Dagger            |    35 |       ||    35
       Headbutt          |    11 |    15 ||    26
       Hand axe          |    44 |    92 ||   136
 Fire: Blowgun           |       |     6 ||     6
Throw: Tomahawk          |       |     4 ||     4
  Use: Scroll            |       |     7 ||     7
 Stab: Distracted        |     1 |       ||     1
       Sleeping          |     2 |     2 ||     4
  Eat: Chunk             |     3 |     3 ||     6
       Royal jelly       |       |     1 ||     1
Armor: Robe              |    12 |       ||    12
       Leather armour    |    14 |    16 ||    30
Dodge: Dodged            |    39 |    62 ||   101
